 Dungeon Crawl Stone Soup version 0.25.1-2-g60ff931df9 (webtiles) character file.

Game seed: 6783880485774419989

28 flotson the Skirmisher (level 3, -4/29 HPs)
             Began as a Demonspawn Monk on Oct 13, 2020.
             Slain by an adder (5 damage)
             ... on level 2 of the Dungeon.
             The game lasted 00:01:47 (1631 turns).

flotson the Skirmisher (Demonspawn Monk)            Turns: 1631, Time: 00:01:48

Health: -4/29      AC:  2    Str: 12    XL:     3   Next: 0%
Magic:  3/3        EV: 13    Int: 11    God:
Gold:   84         SH:  0    Dex: 15    Spells: 2/2 levels left

rFire    . . .     SeeInvis .   a - +0 hand axe
rCold    . . .     Gourm    .   (no shield)
rNeg     . . .     Faith    .   b - +0 robe
rPois    .         Spirit   .   (no helmet)
rElec    .         Reflect  .   (no cloak)
rCorr    .         Harm     .   (no gloves)
MR       .....     Rnd*Rage +   (no boots)
Stlth    ++........             (no amulet)
HPRegen  0.09/turn              (no ring)
MPRegen  0.08/turn              (no ring)

@: lethally poisoned (-4 -> -18)
A: berserk 1, deterioration 2, mutation resistance 1, powered by pain 1
a: no special abilities


You were on level 2 of the Dungeon.
You were not hungry.

You visited 1 branch of the dungeon, and saw 2 of its levels.

You collected 84 gold pieces.

Inventory:

Hand Weapons
 a - a +0 hand axe (weapon)
Armour
 b - a +0 robe (worn)
Scrolls
 e - 2 scrolls of remove curse {unknown}
 f - a scroll of amnesia {unknown}
 g - 2 scrolls of identify {unknown}
Potions
 i - a potion of stabbing {unknown}
 j - a potion of curing {unknown}
Comestibles
 c - 4 rations
 k - a chunk of flesh


   Skills:
 + Level 3.2 Fighting
 + Level 2.9 Axes
 + Level 0.7 Throwing
 + Level 0.9 Armour
 + Level 2.9 Dodging
 - Level 2.0 Stealth


You had 2 spell levels left.
You didn't know any spells.
Your spell library was empty.

Dungeon Overview and Level Annotations

Branches:
Dungeon (2/15)

Altars:


Innate Abilities, Weirdness & Mutations

You sometimes gain a little power by taking damage.
You tend to lose your temper in combat.
Your body often deteriorates upon taking damage.
You are somewhat resistant to further mutation.


Message History

You feel sick. The adder barely misses you.
You closely miss the adder.
The adder is moderately wounded.
* * * LOW HITPOINT WARNING * * *
You feel sick. The adder bites you.
* * * LOW HITPOINT WARNING * * *
The adder bites you.
* * * LOW HITPOINT WARNING * * *
You are more poisoned.
The adder poisons you!
It was a potion of mutation.
You feel extremely strange.
You feel yourself wasting away.
You feel a little pissed off.
You feel your body start to fall apart.
You feel genetically stable.
* * * LOW HITPOINT WARNING * * *
You feel sick. The adder bites you.
* * * LOW HITPOINT WARNING * * *
It was a potion of cancellation.
You feel magically purged.
* * * LOW HITPOINT WARNING * * *
You feel sick. The adder barely misses you. The adder bites you.
You die...

#...............รท.#
#######'#'#########
#.#.<# #.#..# #.#..#
#.#..# #.#..#
#.####.# #..@S..#
########


You could see an adder.

Vanquished Creatures
  A worm (D:2)
  A ball python (D:1)
  A giant cockroach (D:1)
  2 hobgoblins (D:1)
  6 jackals (D:1)
  3 kobolds (D:1)
  3 bats (D:1)
  2 frilled lizards (D:1)
  6 rats
25 creatures vanquished.

Notes
Turn   | Place    | Note
-------+----------+-------------------------------------------
     0 | D:1      | flotson the Demonspawn Monk began the quest for the Orb.
     0 | D:1      | Reached XP level 1. HP: 18/18 MP: 1/1
   388 | D:1      | Gained mutation: You sometimes gain a little power by
                  | taking damage. [demonic ancestry]
   388 | D:1      | Reached XP level 2. HP: 24/24 MP: 2/2
  1584 | D:2      | Reached XP level 3. HP: 29/29 MP: 3/3
  1630 | D:2      | Gained mutation: Your body sometimes deteriorates upon
                  | taking damage. [potion of mutation]
  1630 | D:2      | Gained mutation: You tend to lose your temper in combat.
                  | [potion of mutation]
  1630 | D:2      | Gained mutation: Your body often deteriorates upon taking
                  | damage. [potion of mutation]
  1630 | D:2      | Gained mutation: You are somewhat resistant to further
                  | mutation. [potion of mutation]
  1631 | D:2      | HP: 1/29 [poisoned by an adder]
  1631 | D:2      | Slain by an adder

Illustrated notes

Levels and vault maps discovered:
D:1:      lightli_arrival_farm, layout_basic, chequers_decorated_corner,
          nrook_mini_vaults, minmay_domino_4
D:2:      layout_basic, bloody_trog

Skill      XL: |  1 |
---------------+----+-----
Stealth        | 2 |  2.0
Fighting       | |  3.2
Axes           | |  2.9
Throwing       | |  0.7
Armour         | |  0.9
Dodging        | |  2.9

Action                   || total
-------------------------++-------
Melee: Hand axe          ||    94
  Use: Potion            ||     2
 Stab: Sleeping          ||     6
  Eat: Chunk             ||     2
Armor: Robe              ||    15
Dodge: Dodged            ||    78
